 Dungeon Crawl Stone Soup version 0.31-a0-986-g5e6e4ef867 (webtiles) character file.

Game seed: 8890358880660696028

22503 sammy202020 the Protected (level 12, -1/113 HPs)
             Began as a Minotaur Fighter on Nov 22, 2023.
             Was an Initiate of Gozag.
             Slain by Azrael
             ... wielding a +0 scimitar of flaming
              (10 damage)
             ... on level 14 of the Dungeon.
             The game lasted 00:23:52 (11738 turns).

sammy202020 the Protected (Minotaur Fighter)       Turns: 11738, Time: 00:23:53

Health: -1/113     AC: 24    Str: 27    XL:     12   Next: 63%
Magic:  11/11      EV: 12    Int:  9    God:    Gozag
Gold:   692        SH:  8    Dex: 11    Spells: 11/11 levels left

rFire   . . .        K - +1 morningstar
rCold   . . .        j - +1 buckler "Issaazoi" {rElec Slay+2}
rNeg    . . .        c - +3 chain mail of Vlad {+Blink Fly rPois Will+}
rPois   +            (helmet restricted)
rElec   +            y - +2 cloak
rCorr   +            z - +0 pair of gloves
SInv    +            t - +2 pair of boots {Fly}
Will    +....        h - amulet of regeneration Stlth
                     b - +6 ring of strength
HPRegen 1.18/turn    F - ring of Jeaseuw {rCorr SInv Stlth+}
MPRegen 0.12/turn

%: no passive effects
@: flying
A: horns 2, retaliatory headbutt
a: Renounce Religion, Evoke Blink, Potion Petition, Call Merchant, Bribe Branch


You were on level 14 of the Dungeon.
You worshipped Gozag.
Gozag was pleased with you.
You visited 2 branches of the dungeon, and saw 15 of its levels.
You also visited: Bailey.

You collected 3820 gold pieces.
You spent 1867 gold pieces at shops.
You paid 1261 gold pieces to Gozag.

Inventory:

Hand Weapons
 s - a +1 hand axe of flaming
 K - a +1 morningstar (weapon)
Missiles
 i - 29 poisoned darts
 o - 5 throwing nets
 q - 48 boomerangs
Armour
 c - the +3 chain mail of Vlad (worn) {+Blink Fly rPois Will+}
   (You bought it in a shop on level 4 of the Dungeon)

   rPois:     It protects you from poison Will+: It increases your willpower.
   Fly:       It grants you flight.
   +Blink:    It lets you blink.
 f - a +0 plate armour
 j - the +1 buckler "Issaazoi" (worn) {rElec Slay+2}
   (You acquired it on level 6 of the Dungeon)

   Slay+2:    It affects your accuracy & damage with ranged weapons and melee
   (+2).
   rElec:     It insulates you from electricity.
 t - a +2 pair of boots of flying (worn)
 y - a +2 cloak (worn)
 z - a +0 pair of gloves (worn)
Jewellery
 a - an amulet of the acrobat
 b - a +6 ring of strength (left hand)
 h - an amulet of regeneration (around neck)
 E - a ring of flight
 F - the ring of Jeaseuw (right hand) {rCorr SInv Stlth+}
   (You acquired it on level 9 of the Dungeon)

   [ring of see invisible]

   SInv:      It lets you see invisible.
   rCorr:     It protects you from acid and corrosion.
   Stlth+:    It makes you more stealthy.
 H - a ring of protection from cold
 J - an amulet of reflection
 L - a +6 ring of dexterity
 N - a ring of poison resistance
Wands
 e - a wand of polymorph (36)
 g - a wand of iceblast (9) (quivered)
 u - a wand of flame (20)
 v - a wand of mindburst (22)
Scrolls
 m - 6 scrolls of identify
 p - 2 scrolls of enchant weapon
 r - 6 scrolls of blinking
 w - a scroll of torment
 B - 3 scrolls of enchant armour
 G - 2 scrolls of teleportation
 I - 2 scrolls of amnesia
 M - a scroll of fog
Potions
 d - 2 potions of might
 k - a potion of invisibility
 l - 2 potions of brilliance
 n - 6 potions of enlightenment
 x - 2 potions of attraction
 A - 2 potions of curing
 D - 2 potions of lignification
 O - a potion of magic


   Skills:
 * Level 12.6 Fighting
 * Level 12.3 Maces & Flails
 * Level 12.6 Armour
 + Level 8.0 Dodging
 * Level 12.5 Shields


You had 11 spell levels left.
You didn't know any spells.
Your spell library contained the following spells:

 Spells                   Type           Power      Damage    Failure   Level
 Apportation              Tloc           0%         N/A       83%         1
 Magic Dart               Conj           0%         1d3       83%         1
 Shock                    Conj/Air       0%         1d3       83%         1
 Sting                    Tmut/Pois      0%         1d3       83%         1
 Blink                    Tloc           0%         N/A       92%         2
 Call Imp                 Summ           0%         N/A       92%         2
 Jinxbite                 Hex            0%         N/A       92%         2
 Lesser Beckoning         Tloc           0%         N/A       92%         2
 Momentum Strike          Conj/Tloc      0%         3d8       92%         2
 Poisonous Vapours        Pois/Air       0%         N/A       92%         2
 Searing Ray              Conj           0%         2d4       92%         2
 Dazzling Flash           Conj/Hex       0%         N/A       99%         3
 Gell's Gravitas          Tloc           0%         N/A       99%         3
 Mephitic Cloud           Conj/Pois/Air  0%         N/A       99%         3
 Ozocubu's Armour         Ice            0%         N/A       99%         3
 Summon Guardian Golem    Hex/Summ       0%         N/A       99%         3
 Swiftness                Air            0%         N/A       99%         3
 Teleport Other           Tloc           0%         N/A       99%         3
 Tukima's Dance           Hex            0%         N/A       99%         3
 Airstrike                Air            0%         2d(0-16)  100%        4
 Dimensional Bullseye     Hex/Tloc       0%         N/A       100%        4
 Fulminant Prism          Conj/Hex       0%         3d5       100%        4
 Olgreb's Toxic Radiance  Pois           0%         N/A       100%        4
 Passage of Golubria      Tloc           0%         N/A       100%        4
 Alistair's Intoxication  Tmut/Pois      0%         N/A       100%        5
 Yara's Violent Unravell  Hex/Tmut       0%         3d3       100%        5
 Orb of Destruction       Conj           0%         9d5       100%        7
 Ozocubu's Refrigeration  Ice            0%         4d7       100%        7
 Spellforged Servitor     Conj/Summ      0%         N/A       100%        7


Dungeon Overview and Level Annotations

Branches:
Dungeon (14/15)            Temple (1/1) D:4            Lair (0/5) D:8
    Orc (0/2) D:10         Bailey (visited)
 Vaults: D:13-14

Altars:
Ashenzari
Cheibriados
Dithmenos
Elyvilon
Fedhas
Gozag
Hepliaklqana
Kikubaaqudgha
Makhleb
Nemelex Xobeh
Okawaru
Qazlal
Ru
Sif Muna
Trog
Uskayaw
Vehumet
Wu Jian
Xom
Yredelemnul
Zin
The Shining One

Shops:
D:1 (   D:4 *   D:6 ?   D:8 :[   D:9 :?   D:10 =

Annotations:
D:9 3 transporters
D:14 Azrael


Innate Abilities, Weirdness & Mutations

You have a pair of horns on your head.
You reflexively headbutt those who attack you in melee.


Message History

You hit the fire elemental.
Your headbutt misses the fire elemental.
The fire elemental is severely damaged.
The fire elemental barely misses you. You furiously retaliate!
You headbutt the fire elemental! You block the fire elemental's attack.
Azrael barely misses you. You block the fire elemental's attack.
You puncture the fire elemental!
You destroy the fire elemental!
Azrael gestures at you.
The fireball explodes!
The fireball engulfs you!!!
The fireball engulfs the fire elemental.
The fire elemental completely resists.
The fireball engulfs Azrael.
Azrael completely resists.
The fire elemental is distracted by your dazzling golden aura.
You see here 18 gold pieces.
Azrael closely misses you. You furiously retaliate!
You headbutt Azrael. You hit Azrael but do no damage.
You headbutt Azrael, but do no damage.
Azrael is lightly wounded.
Azrael gestures at you.
The sphere of damnation explodes!
The damnation engulfs you!!!
* * * LOW HITPOINT WARNING * * *
The damnation engulfs Azrael.
Azrael completely resists.
You completely miss Azrael. Your headbutt misses Azrael.
Azrael is lightly wounded.
Azrael gestures at you.
The sticky flame hits you but does no damage.
You are covered in liquid flames!
You completely miss Azrael. Your headbutt misses Azrael.
Azrael is lightly wounded.
You are covered in liquid flames!
* * * LOW HITPOINT WARNING * * *
You are no longer on fire.
Azrael closely misses you.
You thump Azrael! You headbutt Azrael.
Azrael is moderately wounded.
You thump Azrael!
Azrael is heavily wounded.
Azrael hits you with a +0 scimitar of flaming!
You die...
Your body crumbles into a pile of gold.

#......#####.######
...........<...^...
#.#.##..###########
# #. #..#######
#.#. #.........
.#.###.####### ...
#.# #.. #.# #.. #@#
#..##R## #..°$E.#
##E##..# ... ...#
###.##..# #. #.(#
#. #..# #. #...


You could see Azrael and a fire elemental.

Vanquished Creatures
  A hydra (D:12)
  A centaur warrior (D:12)
  4 two-headed ogres
  Erica (D:10)
  3 boulder beetles
  A manticore (D:12)
  3 ugly things
  3 cyclopes
  A komodo dragon (D:12)
  Psyche (D:8)
  An unseen horror (D:11)
  A kobold demonologist (D:10)
  An unseen horror (shapeshifter) (D:12)
  A tengu conjurer (D:13)
  2 trolls
  A hornet (D:11)
  9 slime creatures
  2 wraiths
  3 shadows
  2 basilisks
  9 yaks
  2 steam dragons
  2 fire elementals (D:14)
  11 vampire mosquitoes
  Menkaure (D:7)
  4 acid dragons
  A hell hound (D:14)
  A water moccasin (D:7)
  18 orc warriors
  An ice beast (D:4)
  2 black bears (D:8)
  A centaur (D:12)
  An ogre (D:5)
  A phantom (D:6)
  6 kobold brigands
  5 bullfrogs
  3 gnoll sergeants
  2 scorpions (D:5)
  4 wights (D:8)
  6 killer bees
  6 howler monkeys
  An electric eel (D:12)
  4 hounds
  4 orc priests
  3 jellies
  2 gnoll boudas
  3 sleepcaps
  4 iguanas
  8 orc wizards
  Robin (D:4)
  23 gnolls
  8 adders
  2 shadow imps (D:6)
  A white imp (D:7)
  4 ufetubi
  2 worms
  5 dart slugs
  33 orcs
  2 ball pythons
  6 endoplasms
  3 giant cockroaches
  24 goblins
  12 hobgoblins
  4 jackals (D:4)
  7 quokkas
  4 bats
  5 frilled lizards
  44 kobolds
  5 rats
353 creatures vanquished.

Notes
Turn   | Place    | Note
-------+----------+-------------------------------------------
     0 | D:1      | sammy202020 the Minotaur Fighter began the quest for the
                  | Orb.
     0 | D:1      | Reached XP level 1. HP: 19/19 MP: 0/0
    62 | D:1      | Reached XP level 2. HP: 27/27 MP: 1/1
   184 | D:1      | Found Xuthran's Antique Weapon Shop.
   355 | D:1      | Reached XP level 3. HP: 31/33 MP: 2/2
   452 | D:1      | Found a faded altar of an unknown god.
   726 | D:2      | Reached skill level 1 in Dodging
   846 | D:2      | Reached XP level 4. HP: 40/40 MP: 3/3
  1648 | D:3      | Found a sparkling altar of Nemelex Xobeh.
  2090 | D:4      | Found Rotomut's General Store.
  2109 | D:4      | Noticed Robin
  2142 | D:4      | Killed Robin
  2364 | D:4      | Reached XP level 5. HP: 34/47 MP: 4/4
  2668 | D:4      | Reached skill level 5 in Armour
  2794 | D:4      | Noticed an ice beast
  2803 | D:4      | Killed an ice beast
  2804 | D:4      | Reached skill level 5 in Fighting
  2804 | D:4      | Reached skill level 5 in Shields
  2804 | D:4      | Reached XP level 6. HP: 56/56 MP: 5/5
  2932 | D:4      | Found a staircase to the Ecumenical Temple.
  3034 | Temple   | Entered the Ecumenical Temple
  3044 | Temple   | Became a worshipper of Gozag Ym Sagoz the Greedy
  3160 | D:5      | Entered Level 5 of the Dungeon
  3503 | D:5      | Found a hazy altar of Hepliaklqana.
  3550 | D:5      | Reached XP level 7. HP: 61/61 MP: 6/6
  3582 | D:5      | Reached skill level 5 in Maces & Flails
  4045 | D:6      | Found an ornate altar of the Wu Jian Council.
  4101 | D:6      | Found a glowing silver altar of Zin.
  4174 | D:6      | Noticed a steam dragon
  4178 | D:6      | Reached XP level 8. HP: 68/70 MP: 7/7
  4555 | D:6      | Found Loir Nut's Magic Scroll Shoppe.
  4764 | D:7      | Noticed Menkaure
  4782 | D:7      | Killed Menkaure
  4783 | D:7      | Reached XP level 9. HP: 10/79 MP: 8/8
  5084 | D:7      | Found a flagged portal.
  5103 | Bailey   | Entered a bailey
  5577 | D:6      | Bought a scroll of acquirement for 728 gold pieces
  5579 | D:6      | Acquired the +1 buckler "Issaazoi" {rElec Slay+2}
  5625 | D:4      | Bought the +3 chain mail of Vlad {+Blink Fly rPois Will+}
                  | for 635 gold pieces
  6087 | D:8      | Found a staircase to the Lair.
  6123 | D:8      | Reached skill level 5 in Dodging
  6259 | D:8      | Noticed Psyche
  6278 | D:8      | Killed Psyche
  6283 | D:8      | Found Baomir's Book Emporium.
  6324 | D:8      | Reached XP level 10. HP: 79/90 MP: 9/9
  6423 | D:8      | Found a bloodstained altar of Trog.
  6437 | D:8      | Found Denastiz's Armour Shoppe.
  6447 | D:8      | Bought a +2 cloak for 198 gold pieces
  6447 | D:8      | Bought a +0 pair of gloves for 54 gold pieces
  6716 | D:9      | Found a transporter.
  6718 | D:9      | Found a transporter.
  6820 | D:9      | Noticed a two-headed ogre
  6827 | D:9      | Killed a two-headed ogre
  6866 | D:9      | Found a basalt altar of Yredelemnul.
  6870 | D:9      | Found a snail-covered altar of Cheibriados.
  6873 | D:9      | Found a shimmering altar of Xom.
  6916 | D:9      | Found a transporter.
  6951 | D:9      | Found a transporter.
  6988 | D:9      | Noticed a two-headed ogre
  6996 | D:9      | Killed a two-headed ogre
  7004 | D:9      | Reached skill level 10 in Armour
  7074 | D:9      | Reached skill level 10 in Fighting
  7103 | D:9      | Found a transporter.
  7146 | D:9      | Found a transporter.
  7163 | D:9      | Found Aphuon's Magic Scroll Shop.
  7526 | D:9      | Found Boerinay's Book Shop.
  7599 | D:9      | Acquired the ring of Jeaseuw {rCorr SInv Stlth+}
  7690 | D:6      | Bought a scroll of enchant weapon for 105 gold pieces
  7690 | D:6      | Bought a scroll of teleportation for 42 gold pieces
  7690 | D:6      | Bought a scroll of enchant armour for 105 gold pieces
  7795 | D:10     | Entered Level 10 of the Dungeon
  7806 | D:10     | Reached skill level 10 in Shields
  7843 | D:10     | Noticed Erica
  7847 | D:10     | Noticed a two-headed ogre
  7870 | D:10     | Killed Erica
  7871 | D:10     | Reached XP level 11. HP: 54/101 MP: 10/10
  7874 | D:10     | Reached skill level 10 in Maces & Flails
  7876 | D:10     | Killed a two-headed ogre
  7956 | D:10     | Identified the +1 robe of Boiling Hail {Contam Str+4 Stlth+
                  | Archmagi}
  8031 | D:10     | Found Veqyn Pic's Jewellery Emporium.
  8378 | D:10     | Noticed a sun demon
  8634 | D:10     | Found a staircase to the Orcish Mines.
  9235 | D:11     | Noticed a purple ugly thing
  9244 | D:11     | Killed a purple ugly thing
  9545 | D:12     | Identified the "Zeygan"
  9711 | D:12     | Noticed a centaur warrior
  9711 | D:12     | Noticed a five-headed hydra
  9721 | D:12     | Killed a five-headed hydra
  9726 | D:12     | Killed a centaur warrior
  9906 | D:12     | Reached XP level 12. HP: 110/111 MP: 11/11
 10282 | D:12     | HP: 5/112 [titanic slime creature (70)]
 10418 | D:12     | Noticed a boulder beetle
 10435 | D:12     | Killed a boulder beetle
 10541 | D:12     | Noticed a two-headed ogre
 10545 | D:12     | Killed a two-headed ogre
 10781 | D:13     | Noticed a boulder beetle
 10818 | D:13     | Killed a boulder beetle
 11675 | D:14     | Identified the "Macrod"
 11675 | D:14     | Noticed a boulder beetle
 11705 | D:14     | Killed a boulder beetle
 11718 | D:14     | Noticed Azrael
 11738 | D:14     | Slain by Azrael

Illustrated notes

Levels and vault maps discovered:
D:1:      dpeg_arrival_tiny_a, layout_basic, serial_shops, shop,
          hellmonk_ecumenical_altar_zigzags, minivault_24,
          kennysheep_flooded_box, minmay_close_crescents
D:2:      layout_loops_ring, minmay_ruptured
D:3:      layout_rooms, nicolae_overflow_hidden_temple,
          kennysheep_generic_room_2
D:4:      layout_loops_corners, temple_hall_moat, nicolae_take_the_stairs,
          bh_walls_and_bars, uniq_robin
D:5:      layout_loops_cross, old_standard_altar
D:6:      layout_cave_pools, mainiacjoe_overflow_catch_the_wave, serial_shops,
          shop
D:7:      layout_basic, enter_bailey_5, uniq_menkaure
D:8:      layout_rooms, trog_ov_bears_minmay, dpeg_oklobed_lair, serial_shops,
          shop_statue, nicolae_shop_tiny_glass, uniq_psyche
D:9:      layout_cave_pods, grunt_temple_overflow_diamond, serial_shops,
          kennysheep_mini, shop, serial_nicolae_subway,
          nicolae_sub_station_crystal, nicolae_sub_station_stone,
          nicolae_sub_station_metal
D:10:     layout_loops_corners, david_orc_5, serial_shops, shop,
          skrybe_limestone_x, minmay_misc_feat_roman, minmay_misc_feat_rows,
          minmay_chambers_of_fives, uniq_erica
D:11:     minmay_angry_zag, layout_loops_ring
D:12:     minmay_open_boxes_in_corner, layout_irregular_city,
          serial_bayou_pond_b
D:13:     layout_basic
D:14:     layout_loops_ring, grunt_vaults_entry_fortified,
          gammafunk_ghost_mausoleum, uniq_azrael
Temple:   eino_temple_lava

Skill      XL: |  1  2  3  4  5  6  7  8  9 10 11 12 |
---------------+-------------------------------------+-----
Armour         | 4 5 6 7 9 10 11 12 | 12.6
Maces & Flails | 3 4 5 7 8 9 11 12 | 12.3
Fighting       | 4 5 6 7 8 10 11 12 | 12.6
Shields        | 4 5 6 7 8 10 11 12 | 12.5
Dodging        | 1 2 3 4 5 6 7 8 |  8.0

Action                     |  1- 3 |  4- 6 |  7- 9 | 10-12 || total
---------------------------+-------+-------+-------+-------++-------
  Melee: Flail             |    89 |   144 |   285 |   218 ||   736
         Headbutt          |    13 |    26 |    54 |   120 ||   213
         Morningstar       |       |       |       |   307 ||   307
  Throw: Dart              |       |     3 |       |       ||     3
 Invoke: Potion Petition   |       |       |       |     2 ||     2
  Evoke: Wand              |       |       |       |     4 ||     4
    Use: Potion            |     2 |       |     4 |     5 ||    11
         Scroll            |     1 |     4 |     9 |     9 ||    23
   Stab: Distracted        |       |       |     1 |     1 ||     2
 Armour: Scale mail        |    45 |       |       |       ||    45
         Plate armour      |    23 |   114 |   224 |       ||   361
         Chain mail        |       |       |    57 |   446 ||   503
  Dodge: Dodged            |    34 |    41 |   142 |   252 ||   469
  Block: Buckler           |    15 |    30 |   104 |   211 ||   360

Table legend: (Time is in decaauts)
 A = Elapsed time spent in this place.
 B = Non-inter-level travel time spent in this place.
 C = Inter-level travel time spent in this place.
 D = Time resting spent in this place.
 E = Time spent auto-exploring this place.
 F = Levels seen in this place.
 G = Mean time per level.
                   A        B        C        D        E       F      G
               +--------+--------+--------+--------+--------+-----+--------+
         Total |  11801 |  11167 |    634 |    367 |   8052 |  16 |  737.6 |
       Dungeon |  11394 |  10760 |    634 |    354 |   7921 |  14 |  813.9 |
        Temple |     18 |     18 |      0 |      0 |      0 |   1 |   18.0 |
        Bailey |    387 |    387 |      0 |     13 |    131 |   1 |  387.0 |
               +--------+--------+--------+--------+--------+-----+--------+

Top non-repeatable levels by time:
    D:12: 1214 daAuts
     D:4: 1192 daAuts
    D:10: 1013 daAuts
     D:9: 998 daAuts
     D:5: 918 daAuts
    D:13: 894 daAuts
     D:6: 859 daAuts
     D:7: 807 daAuts
     D:2: 777 daAuts
    D:11: 736 daAuts
     D:8: 675 daAuts
     D:1: 630 daAuts
     D:3: 616 daAuts
  Bailey: 387 daAuts
    D:14: 60 daAuts
